 Dungeon Crawl Stone Soup version 0.21.1-1-g345015fe64 (webtiles) character file.

51 Ivernyr the Skirmisher (level 3, -1/20 HPs)
             Began as a Vine Stalker Monk on June 10, 2018.
             Slain by an iguana (9 damage)
             ... on level 4 of the Dungeon.
             The game lasted 00:03:31 (1282 turns).

Ivernyr the Skirmisher (Vine Stalker Monk)          Turns: 1282, Time: 00:03:32

Health: -1/20      AC:  2    Str: 13    XL:     3   Next: 81%
Magic:  0/4        EV: 13    Int: 10    God:
Gold:   58         SH:  0    Dex: 17    Spells: 2/2 levels left

rFire    . . .     SeeInvis .   a - +0 falchion
rCold    . . .     Gourm    .   (no shield)
rNeg     . . .     Faith    .   b - +0 robe
rPois    .         Spirit   +   (no helmet)
rElec    .         Reflect  .   (no cloak)
rCorr    .         Harm     .   (no gloves)
MR       .....                  (no boots)
Stlth    ++........             (no amulet)
HPRegen  0.06/turn              (no ring)
MPRegen  0.09/turn              (no ring)

@: no status effects
A: fangs 2, magic shield, antimagic bite, no potion heal 3, rot immunity
a: no special abilities


You were on level 4 of the Dungeon.
You were not hungry.

You visited 1 branch of the dungeon, and saw 3 of its levels.

You collected 58 gold pieces.

Inventory:

Hand Weapons
 a - a +0 falchion (weapon)
Missiles
 d - 26 poisoned needles
Armour
 b - a +0 robe (worn)
Scrolls
 f - a scroll of identify {unknown}
 h - a scroll of amnesia {unknown}
Potions
 e - 2 potions of curing {unknown}
 g - a potion of flight {unknown}
Comestibles
 c - 3 rations


   Skills:
 + Level 3.0 Fighting
 + Level 3.0 Long Blades
 * Level 1.7 Throwing
 + Level 1.0 Armour
 - Level 2.4 Dodging
 - Level 2.4 Stealth


You had 2 spell levels left.
You didn't know any spells.

Dungeon Overview and Level Annotations

Branches:
Dungeon (2/15)

Altars:
Qazlal

Shops:
D:4 [


Innate Abilities, Weirdness & Mutations

You have extremely sharp teeth.
When hurt, damage is shared between your health and your magic reserves.
Your bite disrupts and absorbs the magic of your enemies.
Potions cannot restore your health.
You are immune to rotting.


Message History

The iguana barely misses you.
You hit the iguana but do no damage.
The iguana is lightly wounded.
The iguana bites you but does no damage.
You hit the iguana but do no damage. Your bite misses the iguana.
The iguana is lightly wounded.
The iguana barely misses you.
You hit the iguana but do no damage.
The iguana is lightly wounded.
The iguana bites you but does no damage.
You hit the iguana but do no damage. You bite the iguana, but do no damage.
The iguana is lightly wounded.
The iguana closely misses you.
You riposte.
You hit the iguana. You bite the iguana, but do no damage.
The iguana is lightly wounded.
You slash the iguana! You bite the iguana. You drain its power.
You feel invigorated.
The iguana is almost dead.
The iguana bites you!
You die...

^.^.#≈≈.# #.# ^..#^≈^.#
#.# ≈.......# #.#
._......# #.# ..^...^.#
#.# ≈..##.(.# #.#
..^##...# #.#
§.§##.^.#######.#######.#
..§§.^#.#.....∩.@l...%..#
.....##.#.####..#########
..#### .# #...........
................>.#?##
........#.........#
.......##########.#
.......+ .. .......# .#.
.......# .#


You could see an iguana.

Vanquished Creatures
  2 dart slugs
  A leopard gecko (D:1)
  A ball python (D:1)
  7 bats
  5 giant cockroaches (D:1)
  6 goblins
  5 hobgoblins
  4 jackals (D:1)
  3 kobolds
  A frilled lizard (D:1)
  5 rats (D:1)
40 creatures vanquished.

Notes
Turn   | Place    | Note
-------+----------+-------------------------------------------
     0 | D:1      | Ivernyr the Vine Stalker Monk began the quest for the Orb.
     0 | D:1      | Reached XP level 1. HP: 11/11 MP: 2/2
   143 | D:1      | Reached XP level 2. HP: 10/16 MP: 1/3
   409 | D:1      | Reached skill level 1 in Throwing
   613 | D:1      | Reached XP level 3. HP: 13/19 MP: 1/4
  1180 | D:2      | Reached skill level 1 in Armour
  1207 | D:2      | You fall through a shaft for 2 floors!
  1207 | D:4      | Found a stormy altar of Qazlal.
  1219 | D:4      | Noticed a scorpion
  1254 | D:4      | Found Poan's Antique Armour Shoppe.
  1282 | D:4      | Slain by an iguana

Skill      XL: |  1  2  3 |
---------------+----------+-----
Throwing       | 1 |  1.7
Fighting       | 3 |  3.0
Long Blades    | 3 |  3.0
Armour         | 1 |  1.0
Dodging        | |  2.4
Stealth        | |  2.4

Action                   || total
-------------------------++-------
Melee: Falchion          ||    92
       Bite              ||    28
 Stab: Sleeping          ||     5
       Distracted        ||     1
  Eat: Chunk             ||     1
Armor: Robe              ||    22
Dodge: Dodged            ||    67
       Rpst.: Falchion   ||    25
